 Dungeon Crawl Stone Soup version 0.27-a0-869-g165b36e3f0 (webtiles) character file.

Game seed: 1156723872081834881

1449 polve the Cleaver (level 8, -1/64 HPs)
             Began as a Hill Orc Berserker on Apr 2, 2021.
             Was a Priest of Trog.
             Succumbed to a scorpion's poison
             ... on level 6 of the Dungeon.
             The game lasted 00:03:33 (5810 turns).

polve the Cleaver (Hill Orc Berserker)              Turns: 5810, Time: 00:03:33

Health: -1/64      AC:  6    Str: 20    XL:     8   Next: 75%
Magic:  8/8        EV: 11    Int:  7    God:    Trog [***...]
Gold:   132        SH:  0    Dex: 12    Spells: 7/7 levels left

rFire    . . .     SeeInvis .   a - +0 hand axe
rCold    + . .     Faith    .   (no shield)
rNeg     . . .     Spirit   .   u - +0 ring mail
rPois    .         Reflect  .   (no helmet)
rElec    .         Harm     .   (no cloak)
rCorr    .         Rampage  .   (no gloves)
Will     .....                  p - +0 pair of boots
Stlth    +.........             (no amulet)
HPRegen  0.20/turn              c - ring of protection from cold
MPRegen  0.11/turn              (no ring)

@: lethally poisoned (-1 -> -5), berserk cooldown, flying, hasted and slowed
A: no striking features
a: Renounce Religion, Berserk, Trog's Hand


You were on level 6 of the Dungeon.
You worshipped Trog.
Trog was most pleased with you.
You visited 1 branch of the dungeon, and saw 6 of its levels.

You collected 132 gold pieces.

Inventory:

Hand Weapons
 a - a +0 hand axe (weapon)
Armour
 b - a +0 animal skin
 l - a +0 leather armour
 p - a +0 pair of boots (worn)
 u - a +0 ring mail (worn)
Jewellery
 c - a ring of protection from cold (left hand)
 f - a +6 ring of dexterity
 k - a +4 ring of evasion
Scrolls
 d - 2 scrolls of immolation {unknown}
 e - 5 scrolls of identify {unknown}
 g - a scroll of enchant armour {unknown}
 i - 3 scrolls of teleportation {unknown}
 q - a scroll of fog {unknown}
 r - 2 scrolls of vulnerability {unknown}
 s - a scroll of amnesia {unknown}
 x - a scroll of enchant weapon {unknown}
 y - a scroll of holy word {unknown}
Potions
 j - a potion of magic {unknown}
 m - a potion of berserk rage {unknown}
 n - a potion of resistance {unknown}
 o - a potion of flight
 t - a potion of might {unknown}
 v - a potion of mutation {unknown}
 w - a potion of degeneration {unknown}
 z - a potion of ambrosia {unknown}


   Skills:
 - Level 3.6 Fighting
 + Level 13.6 Axes
 - Level 2.1 Armour
 - Level 1.5 Dodging


You had 7 spell levels left.
You didn't know any spells.
Your spell library was empty.

Dungeon Overview and Level Annotations

Branches:
Dungeon (6/15)             Temple (0/1) D:5

Altars:
Cheibriados
Fedhas
Uskayaw

Shops:
D:4 *   D:5 !   D:6 ==


Message History

The kobold brigand is almost dead.
You closely miss the kobold brigand.
* * * LOW HITPOINT WARNING * * *
You feel sick.
You slash the kobold brigand!
You kill the kobold brigand!
Trog accepts your kill.
You hit something. You hit the kobold brigand.
You kill the kobold brigand!
Trog accepts your kill.
* * * LOW HITPOINT WARNING * * *
You feel sick.
You barely miss something. Something hits you but does no damage.
You barely miss something.
* * * LOW HITPOINT WARNING * * *
You feel sick.
You hit something.
You hear the brisk rusting of a distant drain.
* * * LOW HITPOINT WARNING * * *
You feel sick.
You slash something! Trog accepts your kill.
Trog appreciates your killing of a magic user.
Reactivating autopickup.
You feel a bit more experienced.
* * * LOW HITPOINT WARNING * * *
You feel sick.
You are no longer berserk.
You are exhausted.
You feel yourself slow down.
* * * LOW HITPOINT WARNING * * *
You feel sick.
Items here: )) [ ††.
It was a potion of flight.
You feel very buoyant.
You fly up into the air.
* * * LOW HITPOINT WARNING * * *
You feel sick.
It was a potion of haste.
You feel yourself speed up.
You die...

#....# #.#
#. #..###
#.# ##
#.########+#
#.# #
#...........
#.# #
#...........
#.# #
#...........
#.# #
####'#######
#.# ##.))##
#.# #.)@).#
#.#
#.......#
#.#
#..?....#
#.#
#.......#
#.#
##.....##
### ##...##
#####


There were no monsters in sight!

Vanquished Creatures
  Menkaure (D:5)
  Edmund (D:5)
  A black bear (D:5)
  2 ogres (D:4)
  2 kobold brigands (D:6)
  5 scorpions
  2 bullfrog zombies (D:6)
  3 centaur skeletons
  A bullfrog skeleton (D:6)
  2 orc priests
  A hound (D:5)
  An iguana (D:6)
  An orc wizard (D:6)
  2 hound skeletons
  A howler monkey skeleton (D:6)
  5 adders
  A shadow imp (D:6)
  2 ufetubi
  6 worms
  2 dart slugs
  5 orcs
  7 ball pythons
  2 endoplasms
  8 giant cockroaches
  6 goblins
  4 hobgoblins
  11 jackals
  4 quokkas
  5 bats
  5 frilled lizards
  7 kobolds
  5 rats
111 creatures vanquished.

Notes
Turn   | Place    | Note
-------+----------+-------------------------------------------
     0 | D:1      | polve the Hill Orc Berserker began the quest for the Orb.
     0 | D:1      | Reached XP level 1. HP: 19/19 MP: 1/1
   210 | D:1      | Reached XP level 2. HP: 26/26 MP: 2/2
   259 | D:1      | Reached skill level 5 in Axes
   955 | D:1      | Found a faded altar of an unknown god.
  1031 | D:1      | Reached XP level 3. HP: 31/31 MP: 3/3
  1931 | D:2      | Reached skill level 6 in Axes
  2190 | D:2      | Reached ** piety under Trog
  2393 | D:2      | Reached XP level 4. HP: 27/39 MP: 4/4
  2964 | D:3      | Found a snail-covered altar of Cheibriados.
  3490 | D:4      | Found a hide-covered altar of Uskayaw.
  3493 | D:4      | Noticed a +0 hand axe
  3494 | D:4      | Noticed a +0 hand axe
  3567 | D:4      | Noticed a scorpion
  3575 | D:4      | Killed a scorpion
  3576 | D:4      | Reached skill level 7 in Axes
  3576 | D:4      | Reached XP level 5. HP: 45/45 MP: 5/5
  3614 | D:4      | Noticed an ogre
  3649 | D:4      | Killed an ogre
  3650 | D:4      | Reached skill level 8 in Axes
  3726 | D:4      | Found a blossoming altar of Fedhas.
  3774 | D:4      | Reached XP level 6. HP: 51/51 MP: 6/6
  3860 | D:4      | Reached skill level 9 in Axes
  3989 | D:4      | Found Zuun's Assorted Antiques.
  4508 | D:5      | Entered Level 5 of the Dungeon
  4640 | D:5      | Reached skill level 10 in Axes
  4640 | D:5      | Reached XP level 7. HP: 57/57 MP: 7/7
  4713 | D:5      | Found Biprag's Distillery.
  4830 | D:5      | Noticed Edmund
  4845 | D:5      | Killed Edmund
  5088 | D:5      | Noticed Menkaure
  5090 | D:5      | Reached skill level 11 in Axes
  5100 | D:5      | Killed Menkaure
  5101 | D:5      | Reached XP level 8. HP: 64/64 MP: 8/8
  5120 | D:5      | Found a staircase to the Ecumenical Temple.
  5221 | D:5      | Reached skill level 12 in Axes
  5375 | D:6      | Found Faraif's Jewellery Shop.
  5389 | D:6      | Found Gatihog's Jewellery Boutique.
  5787 | D:6      | Reached *** piety under Trog
  5794 | D:6      | Reached skill level 13 in Axes
  5807 | D:6      | HP: 4/96 [poisoned by a scorpion]
  5809 | D:6      | HP: 1/64 [poisoned by a scorpion]
  5810 | D:6      | Succumbed to a scorpion's poison

Illustrated notes

Levels and vault maps discovered:
D:1:      dpeg_arrival_morbid_curiosity, layout_basic, basic_ecumenical_altar,
          serial_bayou_lagoon_a, wad_floor_pattern_2
D:2:      layout_loops_cross, minmay_worlds_worst_comb
D:3:      layout_loops_ring, old_standard_altar
D:4:      layout_loops_ring, kennysheep_little_box, dancing_weapons_uskayaw,
          serial_shops, nicolae_shop_behind_doors,
          hangedman_decor_clover_reticule, st_stairs_2
D:5:      layout_loops_ring, minmay_temple_entry_glassed_door, serial_shops,
          nicolae_shop_stone, nicolae_sextant, uniq_edmund, uniq_menkaure
D:6:      minmay_opposing_rooms, layout_loops_ring, gup_sewer_entry_glass,
          serial_shops, nicolae_shop_trees, nicolae_shop_behind_doors, shop,
          shop

Skill      XL: |  1  2  3  4  5  6  7  8 |
---------------+-------------------------+-----
Axes           | 5 6 7 8 10 11 13 | 13.6
Fighting       | |  3.6
Armour         | |  2.1
Dodging        | |  1.5

Action                   |  1- 3 |  4- 6 |  7- 9 || total
-------------------------+-------+-------+-------++-------
Melee: Hand axe          |   118 |   133 |   110 ||   361
Invok: Berserk           |     1 |     6 |     4 ||    11
  Use: Potion            |       |       |     2 ||     2
 Stab: Sleeping          |       |     2 |       ||     2
Armor: Animal skin       |    23 |     3 |       ||    26
       Leather armour    |       |    24 |     1 ||    25
       Ring mail         |       |       |    32 ||    32
Dodge: Dodged            |    74 |    77 |    61 ||   212

Table legend: (Time is in decaauts)
 A = Elapsed time spent in this place.
 B = Non-inter-level travel time spent in this place.
 C = Inter-level travel time spent in this place.
 D = Time resting spent in this place.
 E = Time spent auto-exploring this place.
 F = Levels seen in this place.
 G = Mean time per level.
                   A        B        C        D        E       F      G
               +--------+--------+--------+--------+--------+-----+--------+
         Total |   5881 |   5729 |    152 |    100 |   4990 |   6 |  980.2 |
       Dungeon |   5881 |   5729 |    152 |    100 |   4990 |   6 |  980.2 |
               +--------+--------+--------+--------+--------+-----+--------+

Top non-repeatable levels by time:
     D:1: 1608 daAuts
     D:2: 1228 daAuts
     D:4: 1087 daAuts
     D:5: 900 daAuts
     D:3: 649 daAuts
     D:6: 407 daAuts
